 Dungeon Crawl Stone Soup version 0.21.1-1-g345015f (webtiles) character file.

3795 Mirai the Cleaver (level 9, -5/81 HPs)
             Began as a Minotaur Fighter on Mar 21, 2018.
             Was a Believer of Okawaru.
             Slain by an orc warrior
             ... wielding a +0 war axe
              (23 damage)
             ... on level 8 of the Dungeon.
             The game lasted 00:18:57 (6382 turns).

Mirai the Cleaver (Minotaur Fighter)                Turns: 6382, Time: 00:18:57

Health: -5/81      AC: 11    Str: 27    XL:     9   Next: 96%
Magic:  8/8        EV: 13    Int:  5    God:    Okawaru [**....]
Gold:   618        SH:  2    Dex: 12    Spells: 8/8 levels left

rFire    . . .     SeeInvis +   a - +1 battleaxe
rCold    . . .     Gourm    .   (shield currently unavailable)
rNeg     . . .     Faith    .   x - +3 ring mail
rPois    .         Spirit   .   (helmet restricted)
rElec    .         Reflect  +   N - +1 cloak
rCorr    .         Harm     .   (no gloves)
MR       .....                  (no boots)
Stlth    +.........             q - +2 amulet of reflection
HPRegen  0.23/turn              p - ring of see invisible
MPRegen  0.11/turn              (no ring)

@: mighty
A: retaliatory headbutt, horns 2
a: Heroism, Renounce Religion


You were on level 8 of the Dungeon.
You worshipped Okawaru.
Okawaru was pleased with you.
You were not hungry.

You visited 2 branches of the dungeon, and saw 9 of its levels.

You collected 618 gold pieces.

Inventory:

Hand Weapons
 a - a +1 battleaxe (weapon)
 h - a +0 dire flail
 u - a +0 hand axe of flaming
 J - the +4 mace of Ascent {crush, Int+6 Dex-4, unknown}
   (You found it on level 7 of the Dungeon)

   It inflicts extra damage upon your enemies.
   It affects your intelligence (+6).
   It affects your dexterity (-4).
 K - a +0 war axe
 L - the +2 mace of the Whelk {pain, Dex+3, unknown}
   (You found it on level 7 of the Dungeon)

   In the hands of one skilled in necromantic magic, it inflicts extra damage on
   living creatures.
   It affects your dexterity (+3).
 M - a +1 mace of crushing
 Q - a cursed -1 war axe
Missiles
 o - 6 javelins (quivered)
 t - 3 silver javelins
Armour
 c - a +0 shield
 x - a +3 ring mail (worn)
 y - a +0 buckler
 N - a +1 cloak (worn)
 P - a +0 cloak
 R - a +2 chain mail of cold resistance
Jewellery
 p - a ring of see invisible (left hand)
 q - a +2 amulet of reflection (around neck)
Wands
 b - a wand of random effects (14)
 r - a wand of digging (8)
 G - a wand of polymorph (10)
Scrolls
 e - 3 scrolls of enchant weapon
 g - 8 scrolls of identify {unknown}
 j - 3 scrolls of magic mapping {unknown}
 k - 2 scrolls of immolation {unknown}
 n - 5 scrolls of remove curse
 s - 2 scrolls of amnesia
 v - a scroll of enchant armour {unknown}
 E - a scroll of fog {unknown}
 F - 3 scrolls of noise {unknown}
 O - a scroll of teleportation
 U - a scroll of silence {unknown}
Potions
 d - 3 potions of might
 i - 4 potions of curing
 l - 3 potions of haste {unknown}
 m - 3 potions of degeneration {unknown}
 w - 4 potions of ambrosia {unknown}
 z - a potion of heal wounds {unknown}
 A - 2 potions of magic {unknown}
 B - 4 potions of lignification {unknown}
 C - 2 potions of flight {unknown}
 D - 3 potions of brilliance {unknown}
 H - a potion of invisibility {unknown}
 S - 2 potions of cancellation {unknown}
Books
 I - a book of Cantrips

   Spells                             Type                      Level
   a - Confusing Touch                Hexes                        1
   b - Animate Skeleton               Necromancy                   1
   c - Summon Small Mammal            Summoning                    1
   d - Apportation                    Translocation                1
Comestibles
 f - 17 rations
 T - 3 chunks of flesh


   Skills:
 + Level 7.9 Fighting
 + Level 11.4 Axes
 + Level 6.8 Armour
 + Level 4.2 Dodging
 + Level 1.1 Stealth
 + Level 8.1 Shields


You had 8 spell levels left.
You didn't know any spells.

Dungeon Overview and Level Annotations

Branches:
Dungeon (8/15)             Temple (1/1) D:6
   Lair: D:8-11

Altars:
Ashenzari
Cheibriados
Dithmenos
Elyvilon
Fedhas
Gozag
Hepliaklqana
Kikubaaqudgha
Makhleb
Nemelex Xobeh
Okawaru
Qazlal
Ru
Sif Muna
Trog
Uskayaw
Vehumet
Wu Jian
Xom
Yredelemnul
Zin
The Shining One

Annotations:
D:8 Prince Ribbit


Innate Abilities, Weirdness & Mutations

You reflexively headbutt those who attack you in melee.
You have a pair of horns on your head.


Message History

* * * LOW HITPOINT WARNING * * *
You are poisoned.
You feel sick.
Prince Ribbit blinks!
A crimson imp comes into view.
You feel sick.
The crimson imp shouts!
The crimson imp blinks!
You feel very mighty all of a sudden.
Prince Ribbit hits you but does no damage.
Unknown command.
You feel better. Prince Ribbit hits you.
* * * LOW HITPOINT WARNING * * *
You slash Prince Ribbit! You headbutt Prince Ribbit!
Prince Ribbit is heavily wounded.
Prince Ribbit closely misses you.
Prince Ribbit blinks!
You barely miss the orc warrior. Your headbutt misses the orc warrior.
The orc warrior is severely wounded.
You hit the orc.
The orc warrior hits you with a war axe!!
You die...

..%..... [....
#...#.. ..... .....#
..).. . # #....#
..... ...#o #....
#..
...ggg###.#########
##.# #oo.).........#
#...
####o.#######.###...
#.@o## #.......
#.### #####.## #..
### #.F #.. #.. #..
#..


You could see Prince Ribbit, an orc warrior and an orc.

Vanquished Creatures
  Joseph (D:7)
  Sigmund (D:6)
  Eustachio (D:5)
  A hungry ghost (D:8)
  2 sky beasts
  3 orc warriors (D:7)
  2 phantoms
  3 ice beasts
  3 ogres
  A centaur (D:7)
  Blork the orc (D:4)
  2 bullfrogs (D:8)
  2 scorpions
  6 wights
  A centaur zombie (D:5)
  6 crimson imps
  A bullfrog zombie (D:5)
  2 jellies
  3 hounds
  5 orc priests
  Crazy Yiuf (D:7)
  4 orc wizards
  2 iguanas (D:6)
  8 worker ants
  A hound zombie (D:3)
  A hound skeleton (D:5)
  3 gnolls (D:4)
  10 adders
  A shadow imp (D:6)
  An ooze (D:5)
  An adder zombie (D:3)
  2 adder skeletons
  4 worms
  A dart slug (D:1)
  8 leopard geckos
  32 orcs
  2 ball pythons
  8 giant cockroaches
  9 goblins
  6 hobgoblins
  10 jackals
  6 quokkas
  6 bats
  4 frilled lizards
  A giant cockroach zombie (D:5)
  A jackal skeleton (D:4)
  7 kobolds
  3 leopard gecko skeletons
  A quokka skeleton (D:5)
  11 rats
202 creatures vanquished.

Notes
Turn   | Place    | Note
-------+----------+-------------------------------------------
     0 | D:1      | Mirai the Minotaur Fighter began the quest for the Orb.
     0 | D:1      | Reached XP level 1. HP: 19/19 MP: 0/0
   135 | D:1      | Reached XP level 2. HP: 10/27 MP: 1/1
   549 | D:1      | Reached XP level 3. HP: 33/33 MP: 2/2
  1231 | D:2      | Reached skill level 3 in Axes
  1559 | D:2      | Found a hazy altar of Hepliaklqana.
  1879 | D:3      | Reached XP level 4. HP: 33/40 MP: 3/3
  1884 | D:3      | Reached skill level 4 in Axes
  2045 | D:3      | Reached XP level 5. HP: 43/47 MP: 4/4
  2720 | D:4      | Noticed Blork the orc
  2725 | D:4      | Killed Blork the orc
  2725 | D:4      | Reached skill level 5 in Axes
  2725 | D:4      | Reached skill level 5 in Armour
  2747 | D:4      | Reached XP level 6. HP: 47/53 MP: 5/5
  2750 | D:4      | Reached skill level 5 in Shields
  2877 | D:4      | Reached skill level 5 in Fighting
  3152 | D:4      | Reached XP level 7. HP: 58/61 MP: 6/6
  3428 | D:5      | Entered Level 5 of the Dungeon
  3442 | D:5      | Reached skill level 1 in Dodging
  3446 | D:5      | Reached skill level 6 in Axes
  3564 | D:5      | Reached skill level 7 in Axes
  3579 | D:5      | Noticed Eustachio
  3587 | D:5      | Reached XP level 8. HP: 48/69 MP: 7/7
  3602 | D:5      | Killed Eustachio
  3763 | D:5      | Found a deep blue altar of Sif Muna.
  3784 | D:5      | Reached skill level 8 in Axes
  3994 | D:6      | Found an opulent altar of Gozag.
  4066 | D:6      | Reached skill level 9 in Axes
  4199 | D:6      | Noticed Sigmund
  4205 | D:6      | Killed Sigmund
  4205 | D:6      | Reached XP level 9. HP: 57/75 MP: 8/8
  4556 | D:6      | Found a staircase to the Ecumenical Temple.
  4580 | Temple   | Entered the Ecumenical Temple
  4631 | Temple   | Became a worshipper of Warmaster Okawaru
  4887 | D:7      | Found a runed door.
  4891 | D:7      | Noticed Crazy Yiuf
  4895 | D:7      | Killed Crazy Yiuf
  4899 | D:7      | Got an encrusted mace
  4901 | D:7      | Got a warped mace
  4959 | D:7      | Found a sacrificial altar of Ru.
  5222 | D:7      | Reached skill level 10 in Axes
  5413 | D:7      | Reached * piety under Okawaru
  5549 | D:7      | Noticed Joseph
  5562 | D:7      | Killed Joseph
  5562 | D:7      | Reached skill level 1 in Stealth
  6101 | D:8      | Reached skill level 11 in Axes
  6147 | D:8      | Found an ancient bone altar of Kikubaaqudgha.
  6158 | D:8      | Reached ** piety under Okawaru
  6305 | D:8      | Found an ornate altar of the Wu Jian Council.
  6369 | D:8      | Noticed Prince Ribbit
  6382 | D:8      | Slain by an orc warrior

Skill      XL: |  1  2  3  4  5  6  7  8  9 |
---------------+----------------------------+-----
Armour         | 4 5 6 |  6.8
Fighting       | 4 5 6 7 |  7.9
Shields        | 4 5 6 8 |  8.1
Axes           | 3 4 5 7 9 11 | 11.4
Dodging        | 1 3 4 |  4.2
Stealth        | 1 |  1.1

Action                   |  1- 3 |  4- 6 |  7- 9 || total
-------------------------+-------+-------+-------++-------
Melee: War axe           |   130 |   133 |   148 ||   411
       Headbutt          |    13 |    21 |    46 ||    80
       Battleaxe         |       |       |   105 ||   105
  Use: Potion            |       |     1 |     3 ||     4
       Scroll            |       |       |     4 ||     4
  Eat: Chunk             |     3 |     4 |    12 ||    19
Armor: Scale mail        |    42 |       |       ||    42
       Chain mail        |    21 |    69 |       ||    90
       Ring mail         |       |     5 |    94 ||    99
Dodge: Dodged            |    25 |    39 |   138 ||   202
Block: Shield            |    66 |    85 |   132 ||   283
       Reflection        |       |       |     1 ||     1
       Other             |       |       |     8 ||     8
